 Dungeon Crawl Stone Soup version 0.28.0 (webtiles) character file.

Game seed: 3572572099803299983

3 GrayStillPlays the Grave Robber (level 1, -2/13 HPs)
             Began as a Demonspawn Necromancer on Feb 12, 2022.
             Killed from afar by a dart slug (5 damage)
             ... with a slug dart
             ... on level 1 of the Dungeon.
             The game lasted 00:00:54 (299 turns).

GrayStillPlays the Grave Robber (DsNe)               Turns: 299, Time: 00:00:55

Health: -2/13      AC:  2    Str:  8    XL:     1   Next: 41%
Magic:  1/3        EV: 12    Int: 16    God:
Gold:   21         SH:  0    Dex: 13    Spells: 3/4 levels left

rFire   . . .      SeeInvis .   (no weapon)
rCold   . . .      Faith    .   (no shield)
rNeg    . . .      Spirit   .   a - +0 robe
rPois   .          Reflect  .   (no helmet)
rElec   .          Harm     .   (no cloak)
rCorr   .          Rampage  .   (no gloves)
Will    .....                   (no boots)
Stlth   ++........              (no amulet)
HPRegen 0.04/turn               (no ring)
MPRegen 0.08/turn               (no ring)

@: no status effects
A: no striking features
a: no special abilities


You were on level 1 of the Dungeon.
You visited 1 branch of the dungeon, and saw 1 of its levels.

You collected 21 gold pieces.


   Skills:
 + Level 0.2 Fighting
 + Level 1.8 Dodging
 - Level 1.7 Stealth
 + Level 2.0 Spellcasting
 + Level 4.4 Necromancy


You had 3 spell levels left.
You knew the following spells:

 Your Spells              Type           Power      Damage    Failure   Level
a - Pain                  Necr           60%        1d7       3%          1

Your spell library contained the following spells:

 Spells                   Type           Power      Damage    Failure   Level
 Animate Skeleton         Necr           30%        N/A       3%          1
 Vampiric Draining        Necr           15%        2d7       10%         3
 Animate Dead             Necr           7%         N/A       32%         4
 Agony                    Necr           15%        N/A       67%         5

Inventory:

Missiles
 c - 2 poisoned darts {throwing}
 e - 18 sling bullets
Armour
 a - a +0 robe (worn)
Scrolls
 b - 3 scrolls of brand weapon {unknown}
 d - a scroll of magic mapping {unknown}

Dungeon Overview and Level Annotations

Branches:
Dungeon (1/15)

Altars:

#### #.'# #.#≈≈≈≈# #.#≈...#
#.#≈...# #@#≈...# ###
#w#≈...# ..# ##.#####+ #.#
#..# #.#########.#
##########.####.##.....##.#
#..#...............###.##.##
##..≈≈..########.##.#
#...... ##≈♣....≈####
#.##.###.##.##
#.≈.≈.w.≈...##
##.##.....##.##


You could see a dart slug.


Message History

e - 18 sling bullets You enter the shallow water.
Moving in this stuff is going to be slow.
You now have 21 gold pieces (gained 12).
An endoplasm comes into view. 😎 HP[+3] MP[+2]
Your hp is fully restored (13).
Your mp is fully restored (3).
An endoplasm is nearby!
The endoplasm quivers.
The endoplasm barely resists.
The endoplasm jiggles. 😕 HP[-1] MP[-1]
You take 1 damage, and now have 12/13 hp.
You lost 1 mp, and now have 2/3 mp.
The endoplasm writhes in agony.
You kill the endoplasm! 😕 HP[-1] MP[-1]
You take 1 damage, and now have 11/13 hp.
You lost 1 mp, and now have 1/3 mp.
A giant cockroach comes into view. 😎 HP[+2] MP[+2]
Your hp is fully restored (13).
Your mp is fully restored (3).
A giant cockroach is nearby!
You enter the shallow water.
Moving in this stuff is going to be slow.
A dart slug comes into view.
The giant cockroach closely misses you. The dart slug launches a dart at you.
The slug dart misses you. The giant cockroach bites you. 😕 HP[-2]
You take 2 damage, and now have 11/13 hp.
The giant cockroach writhes in agony.
You kill the giant cockroach!
The dart slug briefly extends its eye-stalks. 😕 HP[-1] MP[-1]
You take 1 damage, and now have 10/13 hp.
You lost 1 mp, and now have 2/3 mp.
The dart slug writhes in agony.
The dart slug launches a dart at you. The slug dart hits you.
* * * LOW HITPOINT WARNING * * *
😨 HP[-5] MP[-1]
You take 5 damage, and now have 5/13 hp.
MASSIVE DAMAGE!! (PAUSE)
You lost 1 mp, and now have 1/3 mp.
The dart slug launches a dart at you. The slug dart hits you.
* * * LOW HITPOINT WARNING * * *
😨 HP[-1]
You take 1 damage, and now have 4/13 hp.
The dart slug launches a dart at you.
The slug dart misses you. 😨 HP[+1] 😨 MP[+1]
You enter the shallow water.
Moving in this stuff is going to be slow. 😨 MP[+1]
Your mp is fully restored (3).
You start resting.
A dart slug is nearby! 😨 HP[+1]
You open the door.
There is an open door here.
Why would you want to do that? The dart slug launches a dart at you.
The slug dart hits you.
* * * LOW HITPOINT WARNING * * *
😨 HP[-1]
You take 1 damage, and now have 5/13 hp.
You hit the dart slug. The dart slug barely misses you.
You hit the dart slug but do no damage. The dart slug barely misses you.
You hit the dart slug but do no damage. 😨 HP[+1]
You hit the dart slug but do no damage. The dart slug launches a dart at you.
The slug dart misses you.
You hit the dart slug but do no damage. The dart slug bites you.
* * * LOW HITPOINT WARNING * * *
😨 HP[-1]
You take 1 damage, and now have 5/13 hp.
You hit the dart slug but do no damage.
You are too injured to fight recklessly!
Casting: Pain (safe; 3% risk of failure)
Confirm with . or Enter, or press ? or * to list all spells.
Aiming: Pain (safe; 3% risk of failure)
Press: ? - help, Shift-Dir - straight line, f/p - dart slug
Aim: a dart slug (heavily wounded, chance to affect: 85%)
The dart slug writhes in agony.
The dart slug barely misses you. 😨 HP[-1] MP[-1]
You take 1 damage, and now have 4/13 hp.
You lost 1 mp, and now have 2/3 mp.
Casting: Pain (safe; 3% risk of failure)
Confirm with . or Enter, or press ? or * to list all spells.
Aiming: Pain (safe; 3% risk of failure)
Press: ? - help, Shift-Dir - straight line, f/p - dart slug
Aim: a dart slug (almost dead, chance to affect: 85%)
The dart slug writhes in agony.
The dart slug launches a dart at you. The slug dart hits you.
You die...

Action                   || total
-------------------------++-------
Melee: Unarmed           ||     7
       Punch             ||     1
 Cast: Pain              ||     8
Armor: Robe              ||     3
Dodge: Dodged            ||    12

Levels and vault maps discovered:
D:1:      saegor_arrival_fortress, layout_loops_ring, serial_rivers,
          chequers_serial_rivers_marsh, chequers_serial_rivers_room_a,
          chequers_serial_rivers_marsh, chequers_serial_rivers_micro_a,
          chequers_serial_rivers_micro_b, chequers_serial_rivers_large_a,
          chequers_ecumenical_altar_twisty, minmay_misc_feat_ornament

Notes
Turn   | Place    | Note
-------+----------+-------------------------------------------
     0 | D:1      | GrayStillPlays the Demonspawn Necromancer began the quest
                  | for the Orb.
     0 | D:1      | Reached XP level 1. HP: 13/13 MP: 3/3
     0 | D:1      | magus.rc [v1.9.6]
   299 | D:1      | Killed from afar by a dart slug

Vanquished Creatures
  An endoplasm (D:1)
  A giant cockroach (D:1)
  A bat (D:1)
3 creatures vanquished.

Table legend:
 A = Non-vault XP
 B = Vault XP
 C = Vault XP percentage of total XP
 D = Non-vault monster count
 E = Vault monster count
 F = Vault count percentage of total count
                 A         B        C        D         E       F
            +---------+---------+-------+---------+---------+-------
      Total |       5 |       0 |   0.0 |       3 |       0 |   0.0
            +---------+---------+-------+---------+---------+-------
        D:1 |       5 |       0 |   0.0 |       3 |       0 |   0.0
            +---------+---------+-------+---------+---------+-------

Illustrated notes

Table legend:
 A = Kills in this place as a percentage of kills in entire the game.
 B = Kills by you in this place as a percentage of kills by you in the entire game.
 C = Kills by friends in this place as a percentage of kills by friends in the entire game.
 D = Other kills in this place as a percentage of other kills in the entire game.
 E = Experience gained in this place as a percentage of experience gained in the entire game.
 F = Experience gained in this place divided by the number of levels of this place that you have seen.
                   A       B       C       D       E      F
               +-------+-------+-------+-------+-------+----------------------
         Total | 100.0 | 100.0 |   N/A |   N/A | 100.0 |   5.0
       Dungeon | 100.0 | 100.0 |   N/A |   N/A | 100.0 |   5.0
               +-------+-------+-------+-------+-------+----------------------

Table legend: (Time is in decaauts)
 A = Elapsed time spent in this place.
 B = Non-inter-level travel time spent in this place.
 C = Inter-level travel time spent in this place.
 D = Time resting spent in this place.
 E = Time spent auto-exploring this place.
 F = Levels seen in this place.
 G = Mean time per level.
                   A        B        C        D        E       F      G
               +--------+--------+--------+--------+--------+-----+--------+
         Total |    303 |    303 |      0 |     16 |    214 |   1 |  303.0 |
       Dungeon |    303 |    303 |      0 |     16 |    214 |   1 |  303.0 |
               +--------+--------+--------+--------+--------+-----+--------+

Top non-repeatable levels by time:
     D:1: 303 daAuts
